[Event "Titled Tuesday Blitz January 03 Late 2023"]
[White "Vovk, Orest"]
[Black "Araujo, Everson De Moura"]
[WhiteFideId "14113490"]
[BlackFideId "22737197"]
[WhiteElo "2315"]
[BlackElo "1944"]
[Result "1-0"]
[Round "03"]
[TimeControl "180+2"]
[Date "2023.01.03"]
[WhiteClock "0:01:10"]
[BlackClock "0:00:09"]

1. h4 h5 2. Nf3 d5 3. e4 dxe4 4. Ng5 Nf6 5. Bc4 e6 6. Nc3 a6 7. Ncxe4 b5 8. Nxf6+ Qxf6 9. Be2 Bb7 10. Bf3 Bxf3 11. Qxf3 Qxf3 12. Nxf3 Bc5 13. d4 Bb6 14. Bf4 Nd7 15. O-O-O O-O-O 16. Rhe1 c5 17. d5 exd5 18. Rxd5 Nf6 19. Rxd8+ Rxd8 20. Bg5 c4 21. Bxf6 gxf6 22. Re2 b4 23. c3 a5 24. Nd2 Bc7 25. Nxc4 Bf4+ 26. Kc2 bxc3 27. bxc3 Kb7 28. Nxa5+ Kb6 29. Nb3 Ra8 30. Kb2 Be5 31. Re4 Rc8 32. Rb4+ Ka7 33. Nd4 Ka6 34. Kb3 Rg8 35. g3 Rg4 36. Nc6 Rg8 37. Nxe5 fxe5 38. a4 f5 39. Rb5 Re8 40. Kc4 e4 41. Rxf5 e3 42. fxe3 Rxe3 43. Rxh5 Rxg3 44. Rh8 Kb6 45. h5 Rg4+ 46. Kb3 Ka5 47. h6 Rh4 48. h7 Rh1 49. Ra8+ 1-0


[Site "https://www.chess.com"]

[Event "Titled Tuesday Blitz January 03 Late 2023"]
[White "Donskov, Anatoly"]
[Black "Hernandez Bonilla, Amelia"]
[WhiteFideId "24143413"]
[BlackFideId "3900193"]
[WhiteElo "2279"]
[BlackElo "1960"]
[Result "1-0"]
[Round "03"]
[TimeControl "180+2"]
[Date "2023.01.03"]
[WhiteClock "0:01:50"]
[BlackClock "0:00:09"]

1. e4 c5 2. Nf3 d6 3. d4 cxd4 4. Nxd4 Nf6 5. Nc3 Nc6 6. Be2 e5 7. Nb3 Be6 8. f4 Be7 9. g4 exf4 10. g5 Nd7 11. h4 Nde5 12. Bxf4 a6 13. Qd2 Rc8 14. O-O-O Na5 15. Nd5 Nac4 16. Bxc4 Nxc4 17. Qe2 O-O 18. Nxe7+ Qxe7 19. h5 Rfd8 20. h6 g6 21. Qf2 a5 22. Qd4 Ne5 23. Kb1 a4 24. Nd2 Qc7 25. Rc1 Qc5 26. Qxc5 Rxc5 27. Be3 Rb5 28. Bd4 Rc8 29. Rhf1 Nc6 30. Bf6 a3 31. b3 Ne5 32. Ka1 Rbc5 33. c4 b5 34. Nf3 Nxf3 35. Rxf3 bxc4 36. bxc4 Rxc4 37. Rxc4 Rxc4 38. Rxa3 Rc8 39. Ra7 d5 40. exd5 Bxd5 41. a4 Ra8 42. Rxa8+ Bxa8 43. Kb2 Kf8 44. Kc3 Ke8 45. Kb4 Kd7 46. Kc5 Kc7 47. a5 Kb7 48. Kd6 Ka6 49. Bc3 Kb5 50. Ke5 Kc4 51. Be1 Kd3 52. Kf6 Ke4 53. Bb4 Kf4 54. Be7 Kg4 55. Kxf7 1-0


[Site "https://www.chess.com"]

[Event "Titled Tuesday Blitz January 03 Late 2023"]
[White "Smith, Garrett L"]
[Black "Silvestre, Christian"]
[WhiteFideId "2024829"]
[BlackFideId "30956269"]
[WhiteElo "2047"]
[BlackElo "1942"]
[Result "0-1"]
[Round "03"]
[TimeControl "180+2"]
[Date "2023.01.03"]
[WhiteClock "0:00:25"]
[BlackClock "0:01:25"]

1. e4 c5 2. a3 Nf6 3. e5 Nd5 4. Bc4 Nb6 5. Ba2 Nc6 6. Nf3 d5 7. O-O Bg4 8. Re1 e6 9. d3 Qc7 10. Bf4 Be7 11. h3 Bh5 12. Nbd2 O-O 13. c3 Kh8 14. Rc1 f6 15. Bh2 fxe5 16. g4 Bg6 17. Nxe5 Nxe5 18. Bxe5 Bd6 19. d4 Bxe5 20. Rxe5 Bf7 21. Nf3 Bg8 22. Ng5 Rae8 23. Bb1 h6 24. Nf3 Nd7 25. Re3 e5 26. Nh4 Rf6 27. Ng6+ Rxg6 28. Bxg6 Rf8 29. Bb1 e4 30. Qf1 c4 31. Qg2 Qf4 32. Rce1 Nb6 33. Rg3 Qd2 34. Rf1 Qxb2 35. g5 h5 36. g6 Qe2 37. Rg5 Nd7 38. f3 Qxg2+ 39. Kxg2 exf3+ 40. Rxf3 Nf6 41. Rxd5 Bxd5 0-1


[Site "https://www.chess.com"]

[Event "Titled Tuesday Blitz January 03 Late 2023"]
[White "Lopez Perdomo, Juan David"]
[Black "Andrews, Todd"]
[WhiteFideId "4405137"]
[BlackFideId "2012456"]
[WhiteElo "2029"]
[BlackElo "2220"]
[Result "0-1"]
[Round "03"]
[TimeControl "180+2"]
[Date "2023.01.03"]
[WhiteClock "0:00:31"]
[BlackClock "0:00:53"]

1. e4 e6 2. d4 d5 3. Nc3 Bb4 4. e5 c5 5. a3 Bxc3+ 6. bxc3 Ne7 7. Nf3 Bd7 8. Bd3 Ba4 9. dxc5 Qc7 10. Be3 Nd7 11. O-O Nxc5 12. Qd2 Rc8 13. Rab1 b6 14. Rb4 Bd7 15. Rg4 Nxd3 16. Qxd3 Qxc3 17. Qa6 Nf5 18. Bd2 Qc7 19. Bb4 h5 20. Rg5 f6 21. exf6 gxf6 22. Rxf5 exf5 23. Re1+ Kf7 24. Re7+ Kg6 25. Nh4+ Kh6 26. Bd2+ f4 27. Qxa7 Rhg8 28. Qxc7 Rxc7 29. Bxf4+ Rg5 30. Bxc7 Rg4 31. Rxd7 Rxh4 32. f4 Rg4 33. Rd6 Kg6 34. Rxb6 Kf5 35. g3 h4 36. Kg2 hxg3 37. hxg3 Ke4 38. Re6+ Kd4 39. Kf3 Rg7 40. Rxf6 Rxc7 41. a4 Rc3+ 42. Kg4 Rxc2 43. a5 Ra2 44. a6 Ke3 45. Kf5 d4 46. Re6+ Kf3 47. g4 d3 48. g5 d2 49. Rd6 Ra5+ 50. Kf6 Rxa6 51. Rxa6 d1=Q 52. Re6 Kxf4 53. g6 Qd4+ 54. Kf7 Qd7+ 55. Re7 Qf5+ 56. Kg7 Kg5 57. Kh8 Qf6+ 58. g7 Kh6 59. Re6 Qxe6 60. g8=Q Qf6+ 61. Qg7+ Qxg7# 0-1


[Site "https://www.chess.com"]

[Event "Titled Tuesday Blitz January 03 Late 2023"]
[White "Urbina Perez, Juan Antonio"]
[Black "Souza, Gustavo Horokoski De"]
[WhiteFideId "2217368"]
[BlackFideId "2146584"]
[WhiteElo "2266"]
[BlackElo "1943"]
[Result "1-0"]
[Round "03"]
[TimeControl "180+2"]
[Date "2023.01.03"]
[WhiteClock "0:00:54"]
[BlackClock "0:00:04"]

1. d4 Nf6 2. Nf3 g6 3. c4 Bg7 4. Nc3 O-O 5. e3 b6 6. Be2 Bb7 7. O-O c6 8. d5 cxd5 9. cxd5 d6 10. e4 Ba6 11. Re1 Bxe2 12. Qxe2 Nbd7 13. Be3 Ng4 14. Bd4 Nge5 15. Nxe5 Nxe5 16. f4 Nf3+ 17. Qxf3 Bxd4+ 18. Kh1 Rc8 19. Rac1 Rc5 20. Rcd1 Bxc3 21. bxc3 Qc7 22. Rd3 Rc8 23. Ree3 Ra5 24. h3 Rxa2 25. e5 a5 26. f5 a4 27. fxg6 fxg6 28. e6 Rf8 29. Qe4 Ra1+ 30. Kh2 Qc5 31. Rf3 Qg1+ 32. Kg3 Rxf3+ 33. Qxf3 Qe1+ 34. Kg4 h5+ 35. Kg5 Qe5+ 36. Kxg6 Qg7+ 37. Kxh5 Qh7+ 38. Kg4 Qg6+ 39. Kh4 Qh7+ 40. Kg3 Qg7+ 41. Kh2 Qe5+ 42. Qg3+ Qxg3+ 43. Rxg3+ Kf8 44. Rg4 a3 45. Rf4+ Ke8 46. Ra4 Kf8 47. Ra8+ Kg7 48. Ra7 Kf6 49. h4 a2 50. g4 Ke5 51. h5 Kf6 52. h6 Kg6 53. g5 Rc1 54. Rxa2 Rxc3 55. Rf2 Kh7 56. Rf7+ Kg6 57. h7 Rc2+ 58. Kg3 Rc3+ 59. Kf2 Rc2+ 60. Ke3 Rh2 61. Rxe7 Kxg5 62. Rf7 Kg6 63. Kd4 Rd2+ 64. Kc4 Rc2+ 65. Kb5 Rh2 66. Kxb6 Rxh7 67. Rxh7 Kxh7 68. e7 1-0


[Site "https://www.chess.com"]

[Event "Titled Tuesday Blitz January 03 Late 2023"]
[White "Dudzinski, Pawel"]
[Black "Harish, Neeraj"]
[WhiteFideId "1117890"]
[BlackFideId "30958130"]
[WhiteElo "2186"]
[BlackElo "2232"]
[Result "1-0"]
[Round "03"]
[TimeControl "180+2"]
[Date "2023.01.03"]
[WhiteClock "0:01:12"]
[BlackClock "0:00:10"]

1. e4 c5 2. Nc3 Nc6 3. g3 g6 4. Bg2 Bg7 5. d3 d6 6. Be3 Nf6 7. h3 O-O 8. Nge2 Rb8 9. f4 b5 10. e5 dxe5 11. Bxc6 exf4 12. Bxf4 Rb6 13. Bg2 b4 14. Ne4 Nxe4 15. dxe4 Bxb2 16. Qxd8 Rxd8 17. Rd1 Rxd1+ 18. Kxd1 Be6 19. Nc1 Bxc1 20. Kxc1 Bxa2 21. Kb2 Be6 22. Ra1 a6 23. Be3 Rb5 24. Rxa6 Kg7 25. Bf1 c4 26. Bd4+ Kh6 27. Rb6 Rxb6 28. Bxb6 b3 29. Bd8 bxc2 30. Bxe7 f5 31. e5 Kg7 32. Kxc2 h6 33. Kc3 g5 34. Bxc4 Bc8 35. Bf6+ Kg6 36. Bd3 h5 37. Kd4 g4 38. h4 Kf7 39. Bg5 Ke6 40. Bc4+ Kd7 41. e6+ Ke8 42. Bb5+ Kf8 43. e7+ 1-0


[Site "https://www.chess.com"]

[Event "Titled Tuesday Blitz January 03 Late 2023"]
[White "Dinu, Dumitru-Daniel"]
[Black "Marcolino, Daniel Mattos"]
[WhiteFideId "1208403"]
[BlackFideId "2106841"]
[WhiteElo "2203"]
[BlackElo "2006"]
[Result "1-0"]
[Round "03"]
[TimeControl "180+2"]
[Date "2023.01.03"]
[WhiteClock "0:00:16"]
[BlackClock "0:00:05"]

1. e4 c6 2. Ne2 d5 3. e5 c5 4. d4 cxd4 5. Nxd4 Nc6 6. Bb5 Bd7 7. e6 fxe6 8. Bxc6 bxc6 9. O-O e5 10. Nf3 Qc7 11. Re1 e6 12. Nxe5 Nf6 13. Bf4 Bd6 14. Nxd7 Qxd7 15. Bxd6 Qxd6 16. Nc3 O-O 17. Qe2 Rae8 18. Rad1 e5 19. a3 Qc5 20. Na4 Qa5 21. Nc3 Qb6 22. Na4 Qa5 23. Nc3 Qb6 24. b4 e4 25. Na4 Qc7 26. Nc5 Qf4 27. Qe3 Qf5 28. h3 Nh5 29. Qe2 Nf4 30. Qg4 Qxg4 31. hxg4 Rf6 32. f3 e3 33. g3 Nh3+ 34. Kg2 Nf2 35. Rd4 Ref8 36. Rxe3 Nxg4 37. Rxg4 g6 38. Nd7 1-0


[Site "https://www.chess.com"]

[Event "Titled Tuesday Blitz January 03 Late 2023"]
[White "Forgacs, Attila Jr."]
[Black "Sloan, Julia Elizabeth"]
[WhiteFideId "773654"]
[BlackFideId "2018950"]
[WhiteElo "2264"]
[BlackElo "2087"]
[Result "1-0"]
[Round "03"]
[TimeControl "180+2"]
[Date "2023.01.03"]
[WhiteClock "0:02:14"]
[BlackClock "0:01:41"]

1. e4 c5 2. d3 d6 3. g3 a6 4. Bg2 Nc6 5. f4 e6 6. Nf3 Nf6 7. O-O Be7 8. Nc3 O-O 9. h3 d5 10. e5 Nd7 11. Ne2 b5 12. g4 Bb7 13. Ng3 f6 14. exf6 Nxf6 15. Re1 Qd6 16. Qe2 Bc8 17. c3 Re8 18. Ne5 Bf8 19. a4 b4 20. Nxc6 Qxc6 21. c4 Bb7 22. b3 g6 23. Bb2 Bg7 24. g5 Nd7 25. Bxg7 Kxg7 26. cxd5 exd5 27. Qxe8 Rxe8 28. Rxe8 Nb6 29. Rae1 Nc8 30. R1e6 Qd7 31. f5 gxf5 32. Nxf5+ Kf7 33. Nh6+ Kg7 34. Rg8# 1-0


[Site "https://www.chess.com"]

[Event "Titled Tuesday Blitz January 03 Late 2023"]
[White "Hoffmann, Asa"]
[Black "Schill, William"]
[WhiteFideId "2001470"]
[BlackFideId "2016710"]
[WhiteElo "2185"]
[BlackElo "2147"]
[Result "1-0"]
[Round "03"]
[TimeControl "180+2"]
[Date "2023.01.03"]
[WhiteClock "0:00:16"]
[BlackClock "0:00:03"]

1. d4 Nf6 2. Bg5 e6 3. Nd2 c5 4. e3 h6 5. Bh4 Nc6 6. c3 d5 7. Bd3 Be7 8. f4 Qb6 9. Rb1 Bd7 10. Ngf3 Ng4 11. Qe2 Bxh4+ 12. Nxh4 Nf6 13. Nhf3 Qc7 14. O-O cxd4 15. cxd4 O-O 16. Rbc1 Qd6 17. Ne5 Rac8 18. a3 Ne7 19. Ndf3 Rxc1 20. Rxc1 Rc8 21. Rf1 Ne4 22. Bxe4 dxe4 23. Ne1 f5 24. h3 a6 25. Qh5 Be8 26. Qh4 Nd5 27. Qf2 Rc1 28. g4 Qc7 29. Ng2 Rxf1+ 30. Qxf1 Qc2 31. Qf2 Qxf2+ 32. Kxf2 Kf8 33. Ne1 Ke7 34. Nc2 Kd6 35. Ke2 a5 36. b4 axb4 37. axb4 b6 38. Kd2 Bb5 39. Na3 Bf1 40. gxf5 exf5 41. h4 Ba6 42. b5 Bc8 43. Nac4+ Ke6 44. Nc6 Bd7 45. Na7 1-0


[Site "https://www.chess.com"]

[Event "Titled Tuesday Blitz January 03 Late 2023"]
[White "Guevara Sanchez, Erick Marvin"]
[Black "Kalajzic, Ivan"]
[WhiteFideId "6700136"]
[BlackFideId "14506378"]
[WhiteElo "2073"]
[BlackElo "2062"]
[Result "0-1"]
[Round "03"]
[TimeControl "180+2"]
[Date "2023.01.03"]
[WhiteClock "0:01:13"]
[BlackClock "0:01:17"]

1. e4 Nc6 2. d4 e5 3. Nf3 exd4 4. Bc4 Be7 5. Nxd4 d6 6. Be3 Nf6 7. Nc3 O-O 8. f3 Ne5 9. Bb3 Ng6 10. Qd2 h6 11. O-O-O Nd7 12. Nf5 Nc5 13. Nxe7+ Qxe7 14. h4 Nxb3+ 15. axb3 Be6 16. g4 Ne5 17. Rdf1 a5 18. Kb1 c6 19. h5 f6 20. Ne2 a4 21. Nf4 axb3 22. c3 b5 23. Ng6 Nxg6 24. hxg6 c5 25. Bxh6 Ra1+ 26. Kxa1 Qa7+ 27. Kb1 Qa2+ 28. Kc1 Qa1# 0-1


[Site "https://www.chess.com"]

[Event "Titled Tuesday Blitz January 03 Late 2023"]
[White "Aung Thant Zin"]
[Black "Melikhov, Evgeny V."]
[WhiteFideId "13000063"]
[BlackFideId "4122046"]
[WhiteElo "2268"]
[BlackElo "2269"]
[Result "0-1"]
[Round "03"]
[TimeControl "180+2"]
[Date "2023.01.03"]
[WhiteClock "0:00:21"]
[BlackClock "0:00:06"]

1. e4 c5 2. Nf3 d6 3. Bb5+ Nd7 4. O-O a6 5. Bxd7+ Bxd7 6. h3 Nf6 7. Re1 Bc6 8. d4 cxd4 9. Nxd4 Bxe4 10. Bg5 Bc6 11. Bxf6 gxf6 12. Nf5 e6 13. c4 Qc7 14. Nc3 O-O-O 15. Nd4 Rg8 16. f3 d5 17. Nxc6 Qxc6 18. cxd5 exd5 19. Rc1 Kb8 20. Kh1 Qd6 21. Re2 Qg3 22. Rcc2 Bd6 23. Qg1 Bf4 24. Re1 Be5 25. Ne2 Qh4 26. Rec1 d4 27. Rc4 Rd7 28. Rd1 Rgd8 29. Nc1 Qg3 30. Nd3 Rc8 31. Rxc8+ Kxc8 32. Re1 Kb8 33. Re4 Rc7 34. Rg4 Rc2 35. Rxg3 Bxg3 36. Qd1 Rc6 37. f4 Re6 38. Qf3 Re3 39. Qf1 f5 40. Qd1 Ka8 41. Kg1 Kb8 42. Nf2 d3 43. Nxd3 Ka8 44. Nc5 Re1+ 45. Qxe1 Bxe1 46. Kf1 Bd2 47. g3 Be3 48. Nd3 Bd4 49. Ke2 b5 50. b3 Kb7 51. Nb4 Kb6 52. Nd5+ Kc5 53. Ne7 Kb4 54. Nxf5 Bc5 55. Nh6 Ka3 56. Nxf7 Kxa2 57. Kd3 Kxb3 58. Ne5 a5 59. Kd2 a4 60. Nd3 Bd4 61. Nc1+ Kb2 62. Nd3+ Kb1 63. Nb4 a3 64. Kd3 Bf6 65. g4 a2 66. Nxa2 Kxa2 67. g5 Bb2 68. f5 b4 69. h4 b3 70. h5 Be5 71. f6 b2 72. Ke4 Bxf6 73. gxf6 b1=Q+ 74. Ke5 Qb8+ 75. Ke6 Qf8 76. f7 Kb3 77. h6 Kc4 78. Kf6 Kd5 79. Kf5 Qxf7+ 80. Kg5 Qg6+ 81. Kf4 Qxh6+ 82. Kf3 Qg6 0-1


[Site "https://www.chess.com"]

[Event "Titled Tuesday Blitz January 03 Late 2023"]
[White "Calcada, Lucas Galvan"]
[Black "Xie, Bryan"]
[WhiteFideId "22746099"]
[BlackFideId "30941296"]
[WhiteElo "1739"]
[BlackElo "2361"]
[Result "1-0"]
[Round "03"]
[TimeControl "180+2"]
[Date "2023.01.03"]
[WhiteClock "0:01:09"]
[BlackClock "0:00:09"]

1. d4 d5 2. c4 e6 3. Nf3 dxc4 4. Qa4+ Nd7 5. Qxc4 c5 6. e3 cxd4 7. Nxd4 Ngf6 8. b3 Be7 9. Bb2 O-O 10. Be2 a6 11. O-O Ne5 12. Qc2 b5 13. Nxb5 axb5 14. Bxe5 Bb7 15. Bxb5 Qd5 16. f4 Qxb5 17. Nc3 Qc6 18. Rac1 Nd5 19. Nxd5 Qxd5 20. Rfd1 Qe4 21. Qf2 Rfc8 22. h3 Rxc1 23. Rxc1 Bh4 24. Qe2 h6 25. Rc4 Qb1+ 26. Kh2 Rxa2 27. Rc8+ Bxc8 28. Qg4 Qe1 29. Qxg7# 1-0


[Site "https://www.chess.com"]

[Event "Titled Tuesday Blitz January 03 Late 2023"]
[White "Sai Han Thiha"]
[Black "AKINSEYE, Akinleye"]
[WhiteFideId "13012290"]
[BlackFideId "8504458"]
[WhiteElo "2070"]
[BlackElo "1797"]
[Result "1-0"]
[Round "03"]
[TimeControl "180+2"]
[Date "2023.01.03"]
[WhiteClock "0:00:16"]
[BlackClock "0:01:40"]

1. d4 d5 2. c4 c6 3. cxd5 cxd5 4. Nc3 Nf6 5. Bf4 e6 6. e3 a6 7. Bd3 Bd6 8. Bxd6 Qxd6 9. f4 b5 10. Nf3 Bb7 11. Ne5 Nbd7 12. O-O O-O 13. Qf3 Kh8 14. a3 Rac8 15. g4 Nb6 16. g5 Nfd7 17. Qh5 g6 18. Qh6 Nxe5 19. fxe5 Qe7 20. Rf4 Nc4 21. Rh4 f5 22. gxf6 Qf7 23. Kf2 Nxb2 24. Bxg6 Nd3+ 25. Bxd3 Rc7 26. Rg1 Rxc3 27. Qxh7+ Qxh7 28. Rxh7# 1-0


[Site "https://www.chess.com"]

[Event "Titled Tuesday Blitz January 03 Late 2023"]
[White "Dias, Joao Batista"]
[Black "Gomes, Luiz Alexandre de Souza"]
[WhiteFideId "2108240"]
[BlackFideId "2102790"]
[WhiteElo "1796"]
[BlackElo "2254"]
[Result "1/2-1/2"]
[Round "03"]
[TimeControl "180+2"]
[Date "2023.01.03"]
[WhiteClock "0:00:22"]
[BlackClock "0:00:19"]

1. e4 c5 2. Nf3 d6 3. b3 Nf6 4. Nc3 a6 5. Bb2 b5 6. d3 e6 7. h3 Nbd7 8. Be2 Be7 9. O-O Bb7 10. Re1 O-O 11. Qd2 Qc7 12. a3 Rad8 13. Nd1 Rfe8 14. Ne3 Nf8 15. Ng4 Nxg4 16. hxg4 d5 17. Be5 Bd6 18. Bxd6 Rxd6 19. e5 Rdd8 20. Qf4 d4 21. Ng5 Ng6 22. Qh2 h6 23. Nf3 f6 24. exf6 Qxh2+ 25. Kxh2 gxf6 26. g3 e5 27. Nh4 Ne7 28. Bf3 Bxf3 29. Nxf3 Nd5 30. Kh3 Rc8 31. Nh4 Ne7 32. Nf5 Nxf5 33. gxf5 c4 34. bxc4 bxc4 35. dxc4 Rxc4 36. Ra2 Rec8 37. Re2 Rc3 38. Kg4 Kg7 39. f4 Kf7 40. fxe5 Rg8+ 41. Kf4 Rcxg3 42. e6+ Ke7 43. Ke4 R8g4+ 44. Kd5 Rf3 45. Re4 Rxf5+ 46. Kxd4 Rxe4+ 47. Kxe4 Kxe6 48. Rb2 Rb5 49. Ra2 f5+ 50. Kf4 Kf6 51. c4 Rc5 52. Rc2 h5 53. Rc3 h4 54. a4 a5 55. Rc2 Rc8 56. c5 Rg8 57. c6 Rc8 58. c7 Ke6 59. Rc5 Kd6 60. Rxa5 Rh8 61. Rb5 Kxc7 62. Kxf5 h3 63. Rb1 h2 64. Rh1 Kb6 65. Kg4 Ka5 66. Kg3 Kxa4 67. Rxh2 Rg8+ 68. Kf3 Kb3 69. Kf4 Kc4 70. Kf5 Kd5 71. Kf6 Rg1 72. Re2 Rf1+ 73. Kg6 Rf3 74. Kg5 Rf1 75. Kg6 Kd4 76. Kg5 Kd3 77. Re8 Kd4 78. Kg4 Rg1+ 79. Kf4 Rf1+ 80. Kg4 Rg1+ 81. Kf4 Rf1+ 82. Kg4 1/2-1/2


[Site "https://www.chess.com"]

[Event "Titled Tuesday Blitz January 03 Late 2023"]
[White "Vargas, Mauricio"]
[Black "Kaganskiy, Gleb"]
[WhiteFideId "4404572"]
[BlackFideId "4132025"]
[WhiteElo "2035"]
[BlackElo "2205"]
[Result "0-1"]
[Round "03"]
[TimeControl "180+2"]
[Date "2023.01.03"]
[WhiteClock "0:00:04"]
[BlackClock "0:02:08"]

1. e4 e6 2. f4 d5 3. e5 c5 4. Nf3 Nc6 5. Bb5 Bd7 6. Bxc6 Bxc6 7. O-O d4 8. d3 Ne7 9. Nbd2 h5 10. Qe1 Nf5 11. Ne4 Be7 12. h4 Qc7 13. Nfg5 a5 14. Bd2 a4 15. a3 b5 16. Rc1 Bd5 17. Kh2 f6 18. exf6 gxf6 19. Nxe6 Bxe6 20. Nxf6+ Kf7 21. Ne4 Rag8 22. Ng5+ Bxg5 23. hxg5 Rxg5 24. Kg1 Rg4 25. Rf2 Rhg8 0-1


[Site "https://www.chess.com"]

[Event "Titled Tuesday Blitz January 03 Late 2023"]
[White "Lutz, Igor Oscar"]
[Black "Bove, Alessandro"]
[WhiteFideId "2110806"]
[BlackFideId "814121"]
[WhiteElo "1969"]
[BlackElo "2311"]
[Result "0-1"]
[Round "03"]
[TimeControl "180+2"]
[Date "2023.01.03"]
[WhiteClock "0:00:14"]
[BlackClock "0:01:16"]

1. d4 Nf6 2. c4 c5 3. d5 b5 4. cxb5 a6 5. b6 Qxb6 6. Nc3 e6 7. Nf3 Bb7 8. e4 exd5 9. exd5 d6 10. Be2 g6 11. O-O Bg7 12. Re1 O-O 13. a4 Nbd7 14. a5 Qc7 15. Bf4 Nh5 16. Bg5 h6 17. Bd2 f5 18. Nh4 Ne5 19. Nxg6 Nxg6 20. Bxh5 Ne5 21. Qc1 Kh7 22. Ra4 Nd3 23. Qc2 Nxe1 24. Bxe1 Rae8 25. Kf1 Re5 26. Rh4 Rxe1+ 27. Kxe1 Qe7+ 28. Kf1 Qxh4 29. Bf3 Qxh2 30. g3 Qh3+ 31. Kg1 Bd4 32. Ne2 Be5 33. Nf4 Bxf4 34. gxf4 Rg8+ 0-1


[Site "https://www.chess.com"]

[Event "Titled Tuesday Blitz January 03 Late 2023"]
[White "Shapiro, Bryan"]
[Black "Golizadeh, Asghar"]
[WhiteFideId "2087740"]
[BlackFideId "12505269"]
[WhiteElo "1972"]
[BlackElo "2455"]
[Result "0-1"]
[Round "03"]
[TimeControl "180+2"]
[Date "2023.01.03"]
[WhiteClock "0:01:18"]
[BlackClock "0:02:12"]

1. d4 e5 2. dxe5 d6 3. e4 Nc6 4. Nf3 Bg4 5. Bb5 dxe5 6. O-O Qxd1 7. Bxc6+ bxc6 8. Rxd1 Bxf3 9. gxf3 Nf6 10. Be3 Bd6 11. Nd2 O-O 12. Nb3 a5 13. a4 Rfb8 14. Kf1 Nd7 15. Ra2 Nb6 16. Bxb6 Rxb6 17. Rd3 Rb4 18. Nd2 Rab8 19. b3 g5 20. Nc4 Ra8 21. Nxd6 cxd6 22. Rxd6 Rc8 23. Ra1 c5 24. Ra6 c4 25. Rxa5 cxb3 26. cxb3 Rxb3 27. Rxe5 f6 28. Rb5 Rd3 29. Ra2 Rc1+ 30. Kg2 Rdd1 31. f4 g4 32. Kg3 Rg1+ 33. Kh4 Rc3 34. Rb8+ Kg7 35. Rb7+ Kh6 0-1


[Site "https://www.chess.com"]

[Event "Titled Tuesday Blitz January 03 Late 2023"]
[White "Oliveira, Tiago Batista"]
[Black "Polanco Nunez, Yoel Estarling"]
[WhiteFideId "2108291"]
[BlackFideId "6401783"]
[WhiteElo "1991"]
[BlackElo "2162"]
[Result "0-1"]
[Round "03"]
[TimeControl "180+2"]
[Date "2023.01.03"]
[WhiteClock "0:00:01"]
[BlackClock "0:00:49"]

1. d4 d5 2. c4 e6 3. Nf3 Nf6 4. g3 Bb4+ 5. Bd2 Be7 6. Bg2 O-O 7. O-O c6 8. Qc2 Nbd7 9. Rd1 b6 10. Nc3 Ba6 11. e4 Bxc4 12. e5 Ne8 13. h4 Nc7 14. Bg5 h6 15. Be3 c5 16. b3 Ba6 17. Rac1 Rc8 18. Qb1 cxd4 19. Bxd4 Nb5 20. Nxb5 Bxb5 21. Rxc8 Qxc8 22. Rc1 Qa6 23. Ne1 Rc8 24. a4 Be2 25. b4 Rxc1 26. Qxc1 Bxb4 27. Qc7 Qxa4 28. Qd8+ Bf8 29. Nf3 Qd1+ 30. Kh2 Nc5 31. Ng1 Bf1 32. Be3 Bxg2 33. Kxg2 Ne4 34. Nf3 Qc2 35. g4 Nc5 36. g5 hxg5 37. hxg5 Qf5 38. Qb8 Qg4+ 39. Kf1 Qxf3 40. g6 Qh3+ 41. Ke2 Qg4+ 0-1


[Site "https://www.chess.com"]

[Event "Titled Tuesday Blitz January 03 Late 2023"]
[White "Munoz Misselis, Nelson Carlos"]
[Black "Weisz, Bryan"]
[WhiteFideId "6601790"]
[BlackFideId "30934133"]
[WhiteElo "1730"]
[BlackElo "1973"]
[Result "0-1"]
[Round "03"]
[TimeControl "180+2"]
[Date "2023.01.03"]
[WhiteClock "0:01:03"]
[BlackClock "0:01:52"]

1. d4 Nf6 2. c4 g6 3. Nc3 Bg7 4. e3 d6 5. Nf3 O-O 6. Be2 e5 7. O-O Nc6 8. a3 Re8 9. d5 Ne7 10. h3 Nd7 11. Bd2 f5 12. Rc1 h6 13. b4 g5 14. Nh2 e4 15. Nb5 Ne5 16. Nd4 N7g6 17. Bc3 f4 18. Bh5 f3 19. Ng4 fxg2 20. Kxg2 Nh4+ 21. Kh2 Rf8 22. Nxe5 Bxe5+ 23. Kh1 Bxh3 24. Rg1 Rxf2 25. Bg4 Rh2# 0-1


[Site "https://www.chess.com"]

[Event "Titled Tuesday Blitz January 03 Late 2023"]
[White "Nakamura, Hikaru"]
[Black "Makarian, Rudik"]
[WhiteFideId "2016192"]
[BlackFideId "44105681"]
[WhiteElo "2775"]
[BlackElo "2545"]
[Result "1-0"]
[Round "04"]
[TimeControl "180+2"]
[Date "2023.01.03"]
[WhiteClock "0:00:58"]
[BlackClock "0:00:08"]

1. Nf3 Nf6 2. g3 b5 3. e4 Nxe4 4. Bxb5 Bb7 5. d4 e6 6. O-O Be7 7. Bd3 h5 8. c4 h4 9. Re1 f5 10. Nbd2 hxg3 11. fxg3 Ng5 12. Nxg5 Bxg5 13. d5 Qf6 14. Nf3 Bxc1 15. Rxc1 Kd8 16. dxe6 Kc8 17. exd7+ Nxd7 18. c5 Nb8 19. c6 Nxc6 20. Qc2 Kb8 21. Bb5 Rh6 22. Re8+ 1-0


[Site "https://www.chess.com"]

[Event "Titled Tuesday Blitz January 03 Late 2023"]
[White "Tang, Andrew"]
[Black "Carlsen, Magnus"]
[WhiteFideId "2059630"]
[BlackFideId "1503014"]
[WhiteElo "2523"]
[BlackElo "2853"]
[Result "1/2-1/2"]
[Round "04"]
[TimeControl "180+2"]
[Date "2023.01.03"]
[WhiteClock "0:00:09"]
[BlackClock "0:00:14"]

1. d4 d5 2. Bf4 c5 3. e3 cxd4 4. exd4 Nc6 5. Nf3 Bf5 6. Nbd2 e6 7. c3 h6 8. Qb3 Qc8 9. Ne5 Nge7 10. Be2 Nxe5 11. Bxe5 Nc6 12. Nf3 Nxe5 13. Nxe5 Bd6 14. Bb5+ Ke7 15. Bd3 Bxe5 16. Bxf5 Bd6 17. Bd3 h5 18. O-O Qc7 19. g3 h4 20. Kg2 g6 21. Rae1 Kf6 22. Qd1 Rh5 23. Qg4 Rah8 24. Re3 Qe7 25. Rfe1 hxg3 26. hxg3 Rh2+ 27. Kf1 Kg7 28. Bxg6 Rh1+ 29. Ke2 Rxe1+ 30. Kxe1 Rh6 31. Bd3+ Kf8 32. Kd2 Qf6 33. Qe2 Rh2 34. Rf3 Qh6+ 35. Kc2 Ke7 36. a4 a6 37. Kb1 Qg5 38. Ka2 Qc1 39. Qc2 Qxc2 40. Bxc2 Rh1 41. Bd3 Re1 42. Kb3 Rd1 43. Kc2 Ra1 44. Kb3 Rd1 45. Re3 Rd2 46. Be2 f5 47. Bf3 Kf6 48. Re2 Rxe2 49. Bxe2 a5 50. Kc2 b6 51. Kd3 Bf8 52. b3 Ba3 53. Bf3 Bf8 54. c4 dxc4+ 55. bxc4 e5 56. dxe5+ Kxe5 57. Bg2 Bc5 58. Ke2 Kd4 59. Bd5 Ke5 60. Bc6 Kf6 61. Bb5 Bd6 62. Kf3 Bc5 63. Kg2 Bd6 64. f4 Bc5 65. Kf3 Bd6 66. Bd7 Bc5 67. Bc8 Bd6 68. g4 fxg4+ 69. Kxg4 Bc5 70. Kf3 Bd6 71. Ke4 Bc5 72. Kd5 Bb4 73. f5 Bc5 74. Kc6 Bd4 75. Be6 Bc5 76. Kb5 Bd4 77. Kc6 Bc5 78. Kd5 Bb4 79. Kc6 Bc5 1/2-1/2


[Site "https://www.chess.com"]

[Event "Titled Tuesday Blitz January 03 Late 2023"]
[White "Vachier-Lagrave, Maxime"]
[Black "Ibarra Jerez, Jose Carlos"]
[WhiteFideId "623539"]
[BlackFideId "2226332"]
[WhiteElo "2742"]
[BlackElo "2563"]
[Result "1-0"]
[Round "04"]
[TimeControl "180+2"]
[Date "2023.01.03"]
[WhiteClock "0:00:08"]
[BlackClock "0:00:05"]

1. e4 c5 2. Nf3 Nc6 3. Bb5 e6 4. O-O Nge7 5. Re1 Nd4 6. Bf1 Nec6 7. c3 Nxf3+ 8. Qxf3 Be7 9. Na3 O-O 10. d3 d5 11. Nc2 Bf6 12. Bf4 g6 13. e5 Bg7 14. d4 cxd4 15. cxd4 Bd7 16. Qe3 Qb6 17. b3 Rac8 18. Rac1 Nb4 19. Nxb4 Qxb4 20. h4 Qa3 21. h5 Qxa2 22. h6 Bh8 23. Bg5 Qa3 24. Qf4 Rxc1 25. Rxc1 Rc8 26. Rxc8+ Bxc8 27. Qh4 Qf8 28. Be7 Qe8 29. Bf6 Bxf6 30. Qxf6 Qf8 31. Qg5 Bd7 32. b4 f6 33. exf6 Qd6 34. b5 a5 35. bxa6 bxa6 36. Bd3 Kf7 37. Bxg6+ hxg6 38. h7 Qf8 39. Qf4 Qc8 40. g3 Qh8 41. Qd6 Qxh7 42. Qxd7+ Kg8 43. Qe8# 1-0


[Site "https://www.chess.com"]